 Dungeon Crawl Stone Soup version 0.31-a0-182-gc5ef74bbde (webtiles) character file.

Game seed: 4066583051220414211

204 Hajna the Sneak (level 5, 0/28 HPs)
             Began as a Deep Elf Enchanter on June 21, 2023.
             Was an Initiate of Dithmenos.
             Slain by a hound (3 damage)
             ... on level 4 of the Dungeon.
             The game lasted 00:09:23 (3944 turns).

Hajna the Sneak (Deep Elf Enchanter)                Turns: 3944, Time: 00:09:23

Health: 0/28       AC:  3    Str:  5    XL:     5   Next: 52%
Magic:  1/13       EV: 13    Int: 20    God:    Dithmenos [......]
Gold:   311        SH:  0    Dex: 17    Spells: 4/12 levels left

rFire   . . .        n - +2 short sword (protect)
rCold   . . .        (no shield)
rNeg    . . .        b - +0 robe
rPois   .            o - +0 helmet
rElec   .            (no cloak)
rCorr   .            (no gloves)
SInv    .            (no boots)
Will    .....        (no amulet)
Stlth   +++          (no ring)
HPRegen 0.24/turn    (no ring)
MPRegen 0.13/turn

%: no passive effects
@: no status effects
A: no striking features
a: Renounce Religion


You were on level 4 of the Dungeon.
You worshipped Dithmenos.
Dithmenos was noncommittal.
You visited 2 branches of the dungeon, and saw 5 of its levels.

You collected 311 gold pieces.

Inventory:

Hand Weapons
 a - a +1 dagger
 i - a +0 short sword of holy wrath
 n - a +2 short sword of protection (weapon)
Missiles
 s - a throwing net
Armour
 b - a +0 robe (worn)
 o - a +0 helmet (worn)
 p - a +0 animal skin
Wands
 q - a wand of mindburst (9)
Scrolls
 e - a scroll of enchant armour {unknown}
 f - 5 scrolls of identify {unknown}
 g - a scroll of enchant weapon {unknown}
 m - 2 scrolls of immolation {unknown}
 t - 2 scrolls of vulnerability {unknown}
 u - a scroll of noise {unknown}
Potions
 c - a potion of invisibility
 d - 3 potions of curing {unknown}
 h - 2 potions of degeneration {unknown}
 j - a potion of magic {unknown}
 k - a potion of resistance {unknown}
 l - a potion of haste {unknown}
 r - a potion of cancellation {unknown}


   Skills:
 + Level 0.6 Fighting
 * Level 2.1 Short Blades
 + Level 2.7 Dodging
 * Level 5.8 Stealth
 + Level 4.4 Spellcasting
 + Level 4.6 Hexes
 + Level 1.0 Ice Magic


You had 4 spell levels left.
You knew the following spells:

 Your Spells              Type           Power      Damage    Failure   Level
a - Ensorcelled Hibernat  Hex/Ice        30%        N/A       6%          2
b - Confusing Touch       Hex            22%        N/A       5%          3
c - Tukima's Dance        Hex            22%        N/A       5%          3

Your spell library contained the following spells:

 Spells                   Type           Power      Damage    Failure   Level
 Kiss of Death            Conj/Necr      16%        2d6       12%         1
 Magic Dart               Conj           16%        1d3       12%         1
 Dazzling Flash           Conj/Hex       26%        N/A       14%         3
 Call Imp                 Summ           8%         N/A       19%         2
 Searing Ray              Conj           8%         2d4       19%         2
 Mephitic Cloud           Conj/Pois/Air  4%         N/A       36%         3
 Fulminant Prism          Conj/Hex       6%         3d6       43%         4
 Dispel Undead            Necr           4%         3d7       77%         4


Dungeon Overview and Level Annotations

Branches:
Dungeon (4/15)             Temple (1/1) D:4

Altars:
Dithmenos
Fedhas
Qazlal
Sif Muna


Message History

The helpless hound fails to defend itself.
You puncture the hound!
The hound is almost dead.
The hound closely misses you.
A centaur comes into view.
The hound barely misses you.
There are monsters nearby!
You miscast Ensorcelled Hibernation.
Nothing appears to happen.
The centaur shouts!
The centaur wields a +0 shortbow.
The centaur shoots an arrow.
The arrow hits you. The hound bites you but does no damage.
A quokka comes into view.
The centaur shoots an arrow.
The arrow barely misses you. The hound closely misses you.
The hound bites you but does no damage. The hound attacks as you move away!
The hound bites you.
The centaur shoots an arrow.
The arrow closely misses you.
The centaur shoots an arrow.
The arrow barely misses you.
You hear a bark!
The centaur shoots an arrow.
The arrow hits you! The hound completely misses you.
The hound attacks as you move away! The hound bites you but does no damage.
The centaur shoots an arrow.
The arrow completely misses you.
The centaur shoots an arrow.
The arrow completely misses you. The hound bites you.
The hound attacks as you move away! The hound barely misses you.
There is an open door here.
The hound attacks as you move away! The hound barely misses you.
The hound completely misses you.
The hound is unaffected.
The hound misses you.
The hound is unaffected.
The hound bites you. x2
The hound is unaffected.
The hound barely misses you. The hound attacks as you move away!
The hound bites you. x2
Your magical contamination has completely faded away.
The hound attacks as you move away! The hound bites you.
* * * LOW HITPOINT WARNING * * *
There is an open door here.
The hound attacks as you move away! The hound bites you.
* * * LOW HITPOINT WARNING * * *
The hound bites you.
You die...

####+#### #.........##.#.#.#.
#.......# #.........##(#.#.#.
#....[..# #.........##.#.#.#.
#.......###.........##.#.#.#.
#...†.....'.........# #.#.#.
#.......###.........# #.#
#.......# #c#.#####.# #.##
#.......###h#.# #.# #.#.
#.......#...@.# #.# #...
#.c.....#.....#####.#### ###.
#.......#.....##.......# #..
.r########.....##.......# #..
.. #.....##.......# #..
#.....#####.#### #..
#.....#####.### #..
#...........†.# #..
#...........#†# #..


You could see a centaur and a hound.

Vanquished Creatures
  A hound (D:3)
  A jelly (D:4)
  Robin (D:3)
  4 gnolls
  3 dart slugs (D:3)
  3 orcs (D:3)
  7 ball pythons
  5 endoplasms
  3 giant cockroaches
  18 goblins
  5 hobgoblins
  4 jackals (D:4)
  3 quokkas
  8 bats
  5 frilled lizards
  5 kobolds
  4 rats
80 creatures vanquished.

Notes
Turn   | Place    | Note
-------+----------+-------------------------------------------
     0 | D:1      | Hajna the Deep Elf Enchanter began the quest for the Orb.
     0 | D:1      | Reached XP level 1. HP: 10/10 MP: 6/6
   143 | D:1      | Reached skill level 4 in Stealth
   348 | D:1      | Reached XP level 2. HP: 13/15 MP: 8/8
   351 | D:1      | Learned a level 2 spell: Ensorcelled Hibernation
   530 | D:1      | Found a faded altar of an unknown god.
  1445 | D:2      | Reached XP level 3. HP: 19/19 MP: 6/9
  2106 | D:3      | Learned a level 3 spell: Confusing Touch
  2110 | D:3      | Learned a level 3 spell: Tukima's Dance
  2160 | D:3      | Reached skill level 5 in Stealth
  2811 | D:3      | Noticed Robin
  2819 | D:3      | Reached XP level 4. HP: 21/24 MP: 7/11
  2867 | D:3      | Killed Robin
  3447 | D:4      | Reached XP level 5. HP: 17/28 MP: 10/13
  3573 | D:4      | Reached skill level 1 in Ice Magic
  3704 | D:4      | Found a staircase to the Ecumenical Temple.
  3713 | Temple   | Entered the Ecumenical Temple
  3734 | Temple   | Became a worshipper of Dithmenos the Shadowed
  3930 | D:4      | Noticed a centaur
  3944 | D:4      | Slain by a hound

Illustrated notes

Levels and vault maps discovered:
D:1:      onia_arrival_mini_maze, layout_loops_cross,
          dreamdust_ecumenical_altar_angels_and_demons,
          hangedman_decor_diamond_cutter
D:2:      layout_basic
D:3:      layout_loops_ring, st_stairs_9, uniq_robin
D:4:      layout_basic, minmay_temple_entry_drinking_statues, minmay_manual_mail
Temple:   regret_index_temple_sphere_string

Skill      XL: |  1  2  3  4  5 |
---------------+----------------+-----
Stealth        | 4 5 |  5.8
Spellcasting   | 4 |  4.4
Short Blades   | 2 |  2.1
Ice Magic      | 1 |  1.0
Fighting       | |  0.6
Dodging        | |  2.7
Hexes          | |  4.6

Action                     |  1- 3 |  4- 6 || total
---------------------------+-------+-------++-------
  Melee: Dagger            |    44 |       ||    44
         Short sword       |    61 |    64 ||   125
   Cast: Ensorcelled Hiber |    25 |    29 ||    54
    Use: Potion            |     1 |       ||     1
   Stab: Sleeping          |    34 |    17 ||    51
         Distracted        |     1 |       ||     1
 Armour: Robe              |    12 |    20 ||    32
  Dodge: Dodged            |    53 |    69 ||   122

Table legend: (Time is in decaauts)
 A = Elapsed time spent in this place.
 B = Non-inter-level travel time spent in this place.
 C = Inter-level travel time spent in this place.
 D = Time resting spent in this place.
 E = Time spent auto-exploring this place.
 F = Levels seen in this place.
 G = Mean time per level.
                   A        B        C        D        E       F      G
               +--------+--------+--------+--------+--------+-----+--------+
         Total |   3933 |   3776 |    157 |      0 |   3159 |   5 |  786.6 |
       Dungeon |   3898 |   3760 |    138 |      0 |   3148 |   4 |  974.5 |
        Temple |     34 |     15 |     19 |      0 |     11 |   1 |   34.0 |
               +--------+--------+--------+--------+--------+-----+--------+

Top non-repeatable levels by time:
     D:3: 1211 daAuts
     D:1: 1179 daAuts
     D:2: 859 daAuts
     D:4: 648 daAuts
  Temple: 34 daAuts
